Map: Rorschach LE

Players

SLicKcHeeZEE - Winner!

  • Race: Zerg Zerg

A.I. 1 (Very Hard)

  • Race: Terran Terran

VOD

Have the link to the VOD?

Description

Trial

Time

  • Played on: Sept. 2, 2026, 1:56 a.m.
  • Length: 14:29
Show
View Real Time Build Order
Export as new Build Order

SLicKcHeeZEE Zerg - Winner!

Build Orders: Hatch First, Roach Hydra 

Get SALT Encoding   

  6  0:00  Drone  
  9  0:11  Drone  
  10  0:16  Drone  
  11  0:27  Overlord  
  11  0:33  Drone  
  12  0:45  Drone x2  
  14  0:51  Drone  
  15  1:13  Hatchery  
  15  1:15  Drone  
  15  1:20  Drone  
  16  1:34  Spawning Pool  
  16  1:37  Extractor  
  14  1:40  Drone  
  14  1:44  Drone  
  16  1:49  Drone  
  16  1:51  Drone  
  18  2:00  Overlord  
  18  2:11  Drone  
  19  2:21  Queen  
  21  2:27  Queen  
  23  2:32  Drone  
  23  2:34  Drone  
  25  2:41  Overlord  
  25  2:45  Drone  
  25  2:49  Drone  
  27  2:52  Drone  
  27  2:56  Drone  
  29  3:07  Drone  
  29  3:12  Lair  
  30  3:17  Roach Warren  
  29  3:21  Extractor, Drone  
  29  3:23  Drone  
  30  3:27  Overlord  
  30  3:38  Drone x2  
  30  3:39  Drone  
  33  3:42  Drone x3  
  33  3:47  Drone x2  
  38  3:55  Drone, Overlord  
  39  3:59  Drone  
  39  4:00  Drone x2  
  42  4:05  Overlord  
  42  4:17  Hydralisk Den  
  42  4:20  Drone  
  42  4:21  Drone  
  43  4:30  Queen  
  45  4:36  Extractor  
  44  4:38  Extractor  
  44  4:41  Hatchery  
  44  4:42  Evolution Chamber  
  44  4:45  Evolution Chamber  
  40  4:56  Roach x3  
  40  4:57  Hydralisk x2  
  40  4:59  Roach x2  
  54  5:09  Overlord  
  54  5:23  Grooved Spines, Glial Reconstitution  
  54  5:28  Zerg Ground Armor Level 1, Zerg Missile Weapons Level 1  
  54  5:33  Overlord x2  
  54  5:35  Overlord  
  54  5:38  Drone x3  
  54  5:40  Drone x3  
  60  5:45  Hydralisk  
  62  6:08  Roach x3  
  62  6:10  Hydralisk x2  
  72  6:24  Drone x2  
  74  6:32  Extractor  
  73  6:34  Muscular Augments  
  73  6:43  Roach x2  
  73  6:44  Roach, Hydralisk x2  
  83  6:49  Hydralisk, Roach  
  83  6:50  Hydralisk, Roach x2  
  83  6:51  Roach x2  
  83  6:52  Overlord x2  
  97  7:09  Drone x2  
  97  7:14  Hatchery  
  98  7:25  Zerg Ground Armor Level 2  
  98  7:28  Zerg Missile Weapons Level 2  
  98  7:44  Queen  
  100  7:58  Roach x3, Hydralisk x2  
  106  8:00  Roach x3  
  106  8:01  Overlord  
  106  8:02  Overlord x2  
  106  8:03  Overlord  
  116  8:34  Ravager x3  
  76  9:25  Roach x2, Hydralisk  
  76  9:26  Roach, Hydralisk  
  76  9:27  Hydralisk x2, Roach x3  
  76  9:28  Hydralisk x2, Roach x3  
  76  9:29  Hydralisk x2, Roach x3  
  76  9:30  Hydralisk x2, Roach x3  
  126  9:31  Roach  
  126  9:32  Roach x2  
  132  9:45  Infestation Pit  
  131  10:10  Drone x3  
  134  10:14  Extractor  
  134  10:18  Overlord x4  
  133  10:33  Roach x3  
  133  10:34  Hydralisk x2  
  133  10:35  Hydralisk x2, Roach x2  
  147  10:36  Roach x4  
  159  10:52  Hive  
  159  11:26  Ravager  
  159  11:27  Ravager x2  
  123  13:31  Roach x3, Hydralisk x2  
  123  13:32  Hydralisk x2, Roach x2  
  123  13:33  Roach x4, Hydralisk x3  
  123  13:34  Hydralisk x3, Roach x4  
  157  13:35  Roach x4, Hydralisk x2  
  157  13:36  Roach  
Show
View Real Time Build Order
Export as new Build Order

A.I. 1 (Very Hard) Terran 

Build Orders:  

Get SALT Encoding   

  6  0:00  SCV  
  9  0:13  SCV  
  10  0:25  SCV  
  11  0:37  SCV  
  12  0:46  Supply Depot  
  12  0:49  SCV  
  13  0:57  Refinery  
  13  1:08  SCV  
  14  1:18  Barracks  
  14  1:20  SCV  
  15  1:32  SCV  
  16  1:44  SCV  
  17  1:56  SCV  
  18  2:05  Marine  
  20  2:08  SCV  
  20  2:09  Factory  
  20  2:17  Supply Depot  
  20  2:21  Orbital Command  
  20  2:30  Barracks  
  20  2:32  Marine  
  21  2:46  SCV  
  22  2:51  Barracks Tech Lab  
  22  2:53  Hellion  
  24  2:58  SCV  
  24  3:02  Supply Depot  
  25  3:13  Concussive Shells, Marauder  
  25  3:15  Hellion  
  25  3:18  Barracks Tech Lab  
  29  3:25  SCV  
  30  3:34  Marauder  
  30  3:37  Marauder, SCV, Refinery  
  35  3:50  SCV, Starport  
  35  3:55  Marine  
  36  4:00  Supply Depot  
  37  4:21  Marine x2, SCV  
  40  4:28  Medivac  
  40  4:29  Stimpack  
  42  4:33  SCV  
  43  4:39  Marine x2  
  43  4:41  Supply Depot  
  45  5:02  Marine x2, SCV  
  45  5:03  Barracks  
  45  5:05  Supply Depot  
  45  5:06  Command Center  
  48  5:20  Marine, Marauder  
  51  5:31  Factory Tech Lab  
  51  5:38  Marauder  
  51  5:41  Supply Depot, Marine  
  54  5:49  Marine  
  55  5:53  Siege Tank  
  58  5:59  Marine  
  58  6:00  Marauder  
  61  6:07  Supply Depot, Barracks Reactor  
  61  6:14  Combat Shield  
  61  6:17  Marauder  
  63  6:19  SCV x2  
  63  6:20  Marine  
  63  6:25  Siege Tank  
  69  6:31  SCV  
  70  6:33  SCV  
  70  6:39  Marauder  
  75  6:40  Marauder  
  75  6:43  SCV  
  75  6:45  SCV  
  77  6:55  SCV  
  77  6:57  Siege Tank, SCV  
  77  7:00  Supply Depot, Marauder  
  84  7:07  SCV  
  85  7:09  SCV  
  85  7:14  Refinery  
  86  7:19  SCV  
  86  7:21  SCV  
  88  7:23  Supply Depot  
  88  7:29  Siege Tank, Engineering Bay  
  91  7:31  SCV  
  91  7:33  SCV  
  93  7:38  Engineering Bay  
  93  7:40  Refinery  
  93  7:43  SCV  
  94  7:46  SCV  
  94  7:47  Supply Depot  
  95  7:55  Terran Infantry Armor Level 1  
  95  7:56  SCV  
  95  7:58  Armory, SCV  
  97  8:04  Terran Infantry Weapons Level 1  
  97  8:08  SCV  
  97  8:10  SCV  
  99  8:20  SCV  
  99  8:21  Armory  
  99  8:22  SCV  
  99  8:25  Supply Depot  
  101  8:30  Missile Turret  
  101  8:32  SCV  
  102  8:34  SCV  
  102  8:35  Missile Turret  
  103  8:43  Barracks, Starport Reactor  
  103  8:45  Terran Vehicle And Ship Armor Level 1  
  103  8:47  Orbital Command  
  103  8:52  Marine, Marauder  
  99  8:56  Marine  
  99  8:58  Marine  
  99  8:59  Command Center  
  81  9:07  Terran Vehicle Weapons Level 1  
  57  9:10  Marauder  
  57  9:13  Marine  
  57  9:14  Marine  
  57  9:16  Marine  
  61  9:19  Medivac  
  61  9:24  Siege Tank  
  66  9:31  Marine  
  66  9:32  Marauder, Marine  
  66  9:33  Marine  
  66  9:34  Marine  
  72  9:46  Medivac  
  72  9:49  Marine  
  72  9:50  Marine  
  72  9:51  Marine  
  72  9:52  Marine  
  78  9:53  Marauder  
  78  9:56  Siege Tank  
  78  9:59  Missile Turret  
  83  10:02  Terran Infantry Weapons Level 2  
  83  10:07  Marauder  
  83  10:08  Marine  
  83  10:12  SCV  
  83  10:13  SCV  
  88  10:14  Marauder  
  88  10:15  SCV  
  91  10:24  SCV  
  91  10:25  SCV  
  91  10:27  SCV  
  91  10:28  Widow Mine  
  96  10:29  Marauder  
  98  10:36  Marauder, Missile Turret, SCV  
  98  10:38  SCV  
  98  10:39  SCV  
  103  10:43  Marine  
  103  10:47  Medivac  
  103  10:48  SCV  
  103  10:49  Siege Tank  
  110  10:50  SCV, Marauder  
  110  10:51  Missile Turret  
  110  10:52  SCV  
  114  10:57  Marauder  
  114  11:00  SCV  
  114  11:02  Supply Depot, SCV  
  118  11:04  SCV  
  119  11:11  Marauder, Missile Turret  
  119  11:12  SCV  
  122  11:18  Marauder  
  122  11:19  Factory, Orbital Command, Hi-Sec Auto Tracking  
  122  11:21  Siege Tank  
  122  11:23  Starport  
  122  11:25  Command Center  
  127  11:33  Supply Depot  
  127  11:37  Missile Turret  
  127  11:41  Barracks, Barracks Tech Lab  
  127  11:47  Marauder x2, Refinery  
  131  11:51  Marine  
  131  11:52  Marine  
  131  11:53  Siege Tank  
  135  11:55  Medivac  
  135  11:58  Supply Depot  
  135  12:00  Refinery, Starport Tech Lab, Marauder  
  139  12:02  Widow Mine, Viking  
  139  12:07  Marine  
  139  12:08  Marauder  
  140  12:09  Marine  
  140  12:10  Marine  
  140  12:13  SCV  
  112  12:18  Raven  
  112  12:21  SCV, Marauder  
  91  12:23  Neosteel Armor, Factory Tech Lab  
  91  12:25  SCV, Marine  
  91  12:27  Marine x2  
  91  12:28  Marine  
  91  12:29  Marauder  
  97  12:33  SCV  
  74  12:37  SCV  
  74  12:42  Marine  
  74  12:43  Marine  
  73  12:44  Marine  
  73  12:51  Marauder  
  50  13:14  Command Center  
  6  14:03  Command Center  
  6  14:04  SCV  
  7  14:16  SCV  
Tags
 
Composition
Roach Hydra
Matchup
TvZ
Add a new tag
Caveats
  • Supply blocks, unpowered buildings, or Contaminate may cause inaccurate times.
  • Supply counts are checked every 10 seconds.